 Dungeon Crawl Stone Soup version 0.18-a0-1060-g4fac74f (webtiles) character file.

29 Trivium the Shield-Bearer (level 3, 29/29 HPs)
             Began as a Formicid Fighter on Jan 12, 2016.
             Was a Follower of Dithmenos.
             Quit the game on level 2 of the Dungeon.
             The game lasted 00:01:28 (739 turns).

Trivium the Shield-Bearer (Formicid Fighter)         Turns: 739, Time: 00:01:28

Health: 29/29      AC:  7    Str: 21    XL:     3   Next: 32%
Magic:  3/3        EV:  8    Int:  7    God:    Dithmenos [*.....]
Gold:   41         SH:  9    Dex: 10    Spells: 0 memorised, 2 levels left

rFire  . . .     SeeInvis +     a - +0 war axe
rCold  . . .     Gourm    .     b - +0 scale mail
rNeg   . . .     Faith    .     c - +0 shield
rPois  .         Spirit   .     (helmet unavailable)
rElec  .         Dismiss  .     (no cloak)
rCorr  .         Reflect  .     (no gloves)
SustAt .         Harm     .     (no boots)
MR     .....                    (no amulet)
Stlth  ..........               (no ring)
                                (no ring)

@: wreathed by umbra, not resistant to hostile enchantments, extremely
unstealthy
A: permanent stasis, dig shafts and tunnels, four strong arms, antennae 3
a: Dig, Shaft Self, Renounce Religion


You were on level 2 of the Dungeon.
You worshipped Dithmenos.
Dithmenos was aware of your devotion.
You were not hungry.

You visited 1 branch of the dungeon, and saw 2 of its levels.

You collected 41 gold pieces.

Inventory:

Hand Weapons
 a - a +0 war axe (weapon)
Armour
 b - a +0 scale mail (worn)
 c - a +0 shield (worn)
Jewellery
 k - an uncursed ring of wizardry {unknown}
Wands
 p - a wand of enslavement (12/24)
Scrolls
 e - a scroll of recharging {unknown}
 i - a scroll of random uselessness {unknown}
 m - a scroll of identify {unknown}
 o - a scroll of enchant armour {unknown}
Potions
 d - a potion of might
 h - a potion of heal wounds {unknown}
 j - a potion of magic {unknown}
 l - a potion of lignification {unknown}
 n - a potion of agility {unknown}
Comestibles
 f - a bread ration
 g - a meat ration


   Skills:
 + Level 3.6 Fighting
 * Level 2.4 Axes
 + Level 3.8 Armour
 + Level 3.8 Shields


You had 2 spell levels left.
You didn't know any spells.

Dungeon Overview and Level Annotations

Branches:
Dungeon (2/15)

Altars:
Dithmenos


Innate Abilities, Weirdness & Mutations

You are under a permanent stasis effect.
You can dig through walls and to a lower floor.
Your four strong arms can wield two-handed weapons with a shield.
You have a pair of large antennae on your head (SInv).


Message History

You closely miss the kobold. The kobold barely misses you.
The kobold hits you but does no damage.
You barely miss the kobold. The kobold barely misses you.
You slash the kobold!
You kill the kobold!
Dithmenos accepts your kill.
You hit the rat.
The rat is moderately wounded.
You block the rat's attack.
You slash the rat!
You kill the rat!
Dithmenos accepts your kill.
No target in view!
No target in view!
No target in view!
No target in view!
Are you sure you want to abandon this character and quit the game? (Confirm with "yes".)
Okay, then.
Unknown command.
Are you sure you want to abandon this character and quit the game? (Confirm with "yes".)

##.#. #....
##..#. #..#_#
#>#.######...#.
[..............
######.#######
...##########
#.#
......†@(((>#
#.#######
#)#.#######(#
#........ #.#
######### #.#
#..... #.#
#.#### #.# #.#
#.#######.#
#.........#
########..#


There were no monsters in sight!

Vanquished Creatures
  A giant gecko (D:1)
  3 bats
  3 giant cockroaches (D:1)
  5 goblins
  A hobgoblin (D:1)
  4 jackals (D:1)
  A kobold (D:2)
  4 giant newts
  4 rats
26 creatures vanquished.

Notes
Turn   | Place    | Note
--------------------------------------------------------------
     0 | D:1      | Trivium the Formicid Fighter began the quest for the Orb.
     0 | D:1      | Reached XP level 1. HP: 18/18 MP: 1/1
    66 | D:1      | Reached XP level 2. HP: 24/24 MP: 2/2
   256 | D:1      | Reached XP level 3. HP: 26/29 MP: 3/3
   627 | D:2      | Found a faded altar to an unknown god.
   653 | D:2      | Became a worshipper of Dithmenos the Shadowed
   653 | D:2      | Reached * piety under Dithmenos
   739 | D:2      | Quit the game

Vault maps used:
D:1:      dpeg_arrival_shelter, nrook_mini_backslash
D:2:      lemuel_crystal_altar, gammafunk_temple_overflow_statue, first_bread,
          ecumenical_altar_1

Action                   || total
-------------------------++-------
Melee: War axe           ||    58
